 Dungeon Crawl Stone Soup version 0.21-a0-297-ga3d34c2 (webtiles) character file.

18 mhoghedin the Thaumaturge (level 2, 6/19 HPs)
             Began as a Gnoll Wanderer on Sept 28, 2017.
             Quit the game on level 2 of the Dungeon.
             The game lasted 00:01:36 (873 turns).

mhoghedin the Thaumaturge (Gnoll Wanderer)           Turns: 873, Time: 00:01:37

Health: 6/19       AC:  3    Str: 13    XL:     2   Next: 66%
Magic:  9/14       EV: 11    Int: 15    God:
Gold:   60         SH:  0    Dex: 14    Spells: 22/23 levels left

rFire    . . .     SeeInvis .   k - -2 dagger (curse)
rCold    . . .     Gourm    .   (no shield)
rNeg     . . .     Faith    .   c - +0 robe
rPois    .         Spirit   .   (no helmet)
rElec    .         Reflect  .   i - +0 cloak
rCorr    .         Harm     .   (no gloves)
MR       .....                  (no boots)
Stlth    ++........             (no amulet)
HPRegen  0.06/turn              (no ring)
MPRegen  0.14/turn              (no ring)

@: no status effects
A: distributed training, fangs 1, strong nose
a: no special abilities


You were on level 2 of the Dungeon.
You were not hungry.

You visited 1 branch of the dungeon, and saw 2 of its levels.

You collected 60 gold pieces.

Inventory:

Hand Weapons
 d - a +0 dagger
 k - a cursed -2 dagger (weapon)
   (You found it on level 1 of the Dungeon)
Armour
 c - a +0 robe (worn)
 i - a +0 cloak (worn)
   (You found it on level 1 of the Dungeon)
 l - a +0 helmet
   (You found it on level 1 of the Dungeon)
 m - a +0 helmet
   (You found it on level 2 of the Dungeon)
Scrolls
 b - 4 scrolls of teleportation
 e - a scroll of noise {unknown}
 h - 2 scrolls of identify {unknown}
Potions
 j - a potion of haste {unknown}
Books
 a - a book of Minor Magic
Comestibles
 f - a bread ration {@e1}
 g - a royal jelly


   Skills:
 + Level 0.0 Fighting
 + Level 0.0 Short Blades
 + Level 0.0 Long Blades
 + Level 0.0 Axes
 + Level 1.3 Maces & Flails
 + Level 0.8 Polearms
 + Level 0.0 Staves
 + Level 0.0 Slings
 + Level 0.0 Bows
 + Level 0.0 Crossbows
 + Level 0.8 Throwing
 + Level 0.0 Armour
 + Level 0.0 Dodging
 + Level 2.4 Stealth
   Level 0.0 Stabbing
 + Level 0.0 Shields
   Level 0.0 Traps
 + Level 0.0 Unarmed Combat
 + Level 11.1 Spellcasting
 + Level 1.3 Conjurations
 + Level 1.7 Hexes
 + Level 0.8 Charms
 + Level 0.0 Summonings
 + Level 2.6 Necromancy
 + Level 0.0 Translocations
 + Level 0.0 Transmutations
 + Level 0.0 Fire Magic
 + Level 0.8 Ice Magic
 + Level 4.4 Air Magic
 + Level 1.3 Earth Magic
 + Level 0.8 Poison Magic
 + Level 0.0 Invocations
 + Level 2.3 Evocations


You had 22 spell levels left.
You knew the following spells:

 Your Spells              Type           Power        Failure   Level  Hunger
a - Magic Dart            Conj           ##..         4%          1    None


Dungeon Overview and Level Annotations

Branches:
Dungeon (2/15)

Altars:


Innate Abilities, Weirdness & Mutations

Your experience applies equally to all skills.
You have very sharp teeth.
Your uncanny sense of smell can sniff out nearby items.


Message History

No target in view!
No target in view!
Found a stone staircase leading down.
m - a helmet A rat comes into view.
Found an escape hatch in the ceiling.
The helpless rat fails to defend itself.
You puncture the rat!
You kill the rat!
Your Earth Magic skill increases to level 1!
No target in view!
No target in view!
No target in view!
No target in view!
No target in view!
No target in view!
No target in view!
You see here a rat corpse.
There is an escape hatch in the ceiling here.
A frilled lizard comes into view.
A frilled lizard is nearby!
The frilled lizard bites you.
You take 2 damage, and have 17/19 hp.
You hit the frilled lizard but do no damage.
The frilled lizard bites you.
You take 1 damage, and have 16/19 hp.
You closely miss the frilled lizard. The frilled lizard barely misses you.
You closely miss the frilled lizard. The frilled lizard bites you.
You take 1 damage, and have 15/19 hp.
You closely miss the frilled lizard. Your bite misses the frilled lizard.
The frilled lizard bites you but does no damage.
You hit the frilled lizard. The frilled lizard bites you.
You take 1 damage, and have 14/19 hp.
You barely miss the frilled lizard. The frilled lizard barely misses you.
You barely miss the frilled lizard. You bite the frilled lizard.
You kill the frilled lizard!
No target in view!
No target in view!
No target in view!
As you open the door, it creaks loudly!
There is an open door here.
b - 4 scrolls of teleportation (gained 1)
A jackal comes into view.
A jackal is nearby!
A jackal comes into view.
The jackal moves out of view.
A kobold comes into view.
A jackal comes into view.
A jackal and 2 hobgoblins come into view.
The kobold shouts!
The jackal barks!
The jackal misses you.
The hobgoblin moves out of view.
The hobgoblin shouts!
The jackal barks!
You hit the jackal but do no damage.
The jackal bites you but does no damage.
You miss the jackal. The jackal barely misses you. x2
You hit the jackal but do no damage.
The jackal bites you but does no damage.
You barely miss the jackal. The jackal barely misses you. x2
The jackal bites you.
You hit the jackal but do no damage. The kobold barely misses you.
The jackal barely misses you.
The jackal bites you but does no damage.
You take 3 damage, and have 12/19 hp.
You hit the jackal but do no damage. The jackal misses you.
The kobold closely misses you.
You hit the jackal but do no damage. The kobold hits you but does no damage.
The jackal barely misses you.
You barely miss the jackal. Your bite misses the jackal. The jackal bites you.
The kobold barely misses you. The jackal barely misses you.
The hobgoblin hits you but does no damage.
You take 1 damage, and have 12/19 hp.
You hit the jackal. Your bite misses the jackal. The jackal closely misses you.
The jackal barely misses you. The kobold barely misses you.
The jackal bites you but does no damage.
The jackal bites you. The hobgoblin hits you.
You are too injured to fight recklessly!
You take 4 damage, and have 8/19 hp.
MASSIVE DAMAGE!!
The jackal closely misses you. The jackal closely misses you.
Aim: a kobold The magic dart hits the kobold.
The kobold closely misses you.
You now have 13/14 mp.
Aim: a kobold (severely wounded)
The magic dart hits the kobold.
You kill the kobold!
You now have 12/14 mp.
Aim: a jackal The magic dart hits the jackal.
The jackal closely misses you. The jackal bites you.
You take 2 damage, and have 6/19 hp.
You now have 11/14 mp.
Aim: a jackal (almost dead)
The magic dart hits the jackal.
You kill the jackal!
You now have 10/14 mp.
Aim: a jackal The magic dart hits the jackal.
The jackal barely misses you.
The jackal bites you but does no damage.
You now have 9/14 mp.

.#........#
#.........#
.......####
#........##
.#####.#
#...#......# ∆ .#
#. #.#.##...#.#
.# #.#.##..##.#
.. # #.##..##.##
### #.##..##..# #
#.#...###.# #
#@#.#.# #.#
#h#.#.# #.#
#g..#.# #.#
#h.##.# #.# #..#
.# #.#
................#
........###.###
......#.# .#
......#.# ..


You could see 2 jackals and a hobgoblin.

Vanquished Creatures
  A dart slug (D:1)
  3 bats (D:1)
  2 goblins (D:1)
  A hobgoblin (D:1)
  A jackal (D:2)
  2 ball pythons (D:1)
  2 frilled lizards
  2 kobolds (D:2)
  3 rats
17 creatures vanquished.

Vanquished Creatures (others)
  4 toadstools (D:1)
4 creatures vanquished.

Grand Total: 21 creatures vanquished

Notes
Turn   | Place    | Note
-------+----------+-------------------------------------------
     0 | D:1      | Reached skill level 11 in Spellcasting
     0 | D:1      | mhoghedin the Gnoll Wanderer began the quest for the Orb.
     0 | D:1      | mhoghedin set off with: a book of Minor Magic, 2 scrolls of teleportation, a +0 robe, a +0 dagger, a bread ration {@e1}
     0 | D:1      | Reached XP level 1. HP: 13/13 MP: 12/12
    11 | D:1      | Learned a level 1 spell: Magic Dart
   220 | D:1      | Reached skill level 1 in Conjurations
   335 | D:1      | Reached XP level 2. HP: 18/19 MP: 9/14
   612 | D:1      | Reached skill level 1 in Maces & Flails
   625 | D:1      | Reached skill level 1 in Hexes
   815 | D:2      | Reached skill level 1 in Earth Magic
   873 | D:2      | Quit the game

Vault maps used:
D:1:      ldierk_walled_garden_2, palyth_stone_intersect
D:2:      serial_aquarium, aquarium_bridge_straight, aquarium_window_2,
          aquarium_window_corridor_1, aquarium_window_2, aquarium_view_2a,
          aquarium_view_2e, aquarium_balcony_3a, aquarium_pool_double

Skill      XL: |  1  2 |
---------------+-------+-----
Spellcasting   | | 11.1
Conjurations   | 1 |  1.3
Maces & Flails | 1 |  1.3
Hexes          | 1 |  1.7
Earth Magic    | 1 |  1.3
Polearms       | |  0.8
Throwing       | |  0.8
Stealth        | |  2.4
Charms         | |  0.8
Necromancy     | |  2.6
Ice Magic      | |  0.8
Air Magic      | |  4.4
Poison Magic   | |  0.8
Evocations     | |  2.3

Action                   || total
-------------------------++-------
Melee: Dagger            ||    47
       Bite              ||     7
 Cast: Magic Dart        ||    10
 Stab: Sleeping          ||     6
Armor: Robe              ||    25
Dodge: Dodged            ||    38

Table legend:
 A = Spawn XP
 B = Non-spawn XP
 C = Spawn XP percentage of total XP
 D = Spawn monster count
 E = Non-spawn monster count
 F = Spawn count percentage of total count
 G = Total turns spent on level
                    A         B        C        D         E        F      G
               +---------+---------+-------+---------+---------+-------+---------
         Total |       0 |      26 |   0.0 |       0 |      17 |   0.0 |   873
               +---------+---------+-------+---------+---------+-------+---------
           D:1 |       0 |      19 |   0.0 |       0 |      12 |   0.0 |   795
           D:2 |       0 |       7 |   0.0 |       0 |       5 |   0.0 |    78
               +---------+---------+-------+---------+---------+-------+---------

Vault maps used:
D:1:      ldierk_walled_garden_2, palyth_stone_intersect
D:2:      serial_aquarium, aquarium_bridge_straight, aquarium_window_2,
          aquarium_window_corridor_1, aquarium_window_2, aquarium_view_2a,
          aquarium_view_2e, aquarium_balcony_3a, aquarium_pool_double

Table legend:
 A = Turns spent in this place as a percentage of turns spent in the entire game.
 B = Non-inter-level travel turns spent in this place as a percentage of non-inter-level travel turns spent in the entire game.
 C = Inter-level travel turns spent in this place as a percentage of turns spent in this place.
 D = Turns resting spent in this place as a percentage of non-inter-level travel turns spent in this place.
 E = Turns spent auto-exploring this place as a percentage of non-inter-level travel turns spent in this place.
 F = Non-inter-level travel turns spent in this place divided by the number of levels of this place that you've seen.
                   A       B       C       D       E      F
               +-------+-------+-------+-------+-------+----------------------
         Total | 100.0 | 100.0 |   0.8 |   0.0 |  81.5 | 433.0
       Dungeon | 100.0 | 100.0 |   0.8 |   0.0 |  81.5 | 433.0
               +-------+-------+-------+-------+-------+----------------------

Table legend:
 A = Kills in this place as a percentage of kills in entire the game.
 B = Kills by you in this place as a percentage of kills by you in the entire game.
 C = Kills by friends in this place as a percentage of kills by friends in the entire game.
 D = Other kills in this place as a percentage of other kills in the entire game.
 E = Experience gained in this place as a percentage of experience gained in the entire game.
 F = Experience gained in this place divided by the number of levels of this place that you have seen.
                   A       B       C       D       E      F
               +-------+-------+-------+-------+-------+----------------------
         Total | 100.0 | 100.0 |   N/A |   N/A | 100.0 |  13.0
       Dungeon | 100.0 | 100.0 |   N/A |   N/A | 100.0 |  13.0
               +-------+-------+-------+-------+-------+----------------------
